Map: Cerulean Fall LE

Players

OldGregg - Winner!

  • Race: Zerg Zerg
  • League: Platinum
  • Spawn Location: 7:00

SoTaN

  • Race: Terran Terran
  • League: Platinum
  • Spawn Location: 1:00

VOD

Have the link to the VOD?

Description

Time

  • Played on: Dec. 9, 2018, 2:32 p.m.
  • Length: 19:56
Show
View Real Time Build Order
Export as new Build Order

OldGregg Zerg - Winner!

Build Orders: Hatch First 

Get SALT Encoding   

  12  0:01  Drone  
  13  0:13  Overlord  
  13  0:19  Drone  
  14  0:34  Drone  
  14  0:35  Drone  
  16  0:36  Drone  
  17  0:56  Hatchery, Drone  
  17  1:00  Drone  
  18  1:10  Extractor  
  17  1:17  Spawning Pool  
  16  1:18  Drone  
  16  1:22  Drone  
  18  1:30  Drone  
  19  1:43  Overlord  
  19  1:51  Drone  
  20  2:01  Drone  
  20  2:03  Queen  
  20  2:08  Queen  
  23  2:09  Zergling x2  
  23  2:13  Zergling x2  
  27  2:24  Drone  
  27  2:25  Drone  
  29  2:30  Overlord  
  29  2:39  Drone  
  30  2:48  Queen  
  30  2:50  Drone  
  30  2:51  Drone  
  34  3:01  Drone  
  34  3:02  Drone  
  36  3:11  Queen  
  38  3:15  Drone x3  
  41  3:20  Hatchery  
  40  3:29  Queen  
  40  3:31  Overlord  
  42  3:35  Drone x2  
  44  3:50  Zergling x2  
  44  3:51  Zergling x6  
  48  3:56  Drone  
  49  4:03  Evolution Chamber  
  49  4:06  Evolution Chamber  
  49  4:07  Roach Warren  
  46  4:10  Drone x4  
  46  4:12  Overlord  
  50  4:20  Drone  
  51  4:24  Spore Crawler  
  51  4:27  Spore Crawler  
  51  4:30  Overlord x3  
  49  4:34  Drone x3  
  52  4:39  Extractor  
  52  4:40  Extractor  
  50  4:48  Queen  
  50  4:50  Drone x3  
  50  4:51  Drone x3  
  50  4:52  Drone  
  59  4:57  Lair  
  59  5:01  Zerg Missile Weapons Level 1  
  59  5:14  Drone x2  
  59  5:15  Drone x6  
  67  5:28  Roach x5  
  77  5:32  Overlord  
  77  5:38  Drone  
  77  5:42  Queen  
  80  5:46  Queen  
  80  5:49  Overlord x2  
  82  5:51  Roach x2  
  86  5:57  Roach x2  
  86  6:01  Overlord x2  
  91  6:11  Roach x4  
  91  6:12  Roach  
  91  6:13  Overlord  
  91  6:14  Drone x2  
  91  6:15  Drone  
  101  6:36  Roach x5  
  101  6:37  Roach x4  
  115  6:48  Roach x2  
  115  6:49  Roach  
  115  6:50  Drone x3  
  124  7:02  Glial Reconstitution  
  124  7:04  Hydralisk Den  
  124  7:08  Drone x2  
  125  7:09  Overseer  
  125  7:10  Overlord  
  125  7:11  Overlord x2  
  125  7:22  Extractor  
  124  7:25  Extractor  
  123  7:33  Zerg Missile Weapons Level 2  
  123  7:34  Zerg Ground Armor Level 1  
  123  7:41  Overlord x6  
  123  7:47  Spore Crawler  
  122  7:59  Queen  
  122  8:03  Hydralisk x4  
  122  8:04  Hydralisk x5  
  122  8:05  Extractor  
  141  8:07  Drone  
  142  8:13  Spore Crawler  
  142  8:18  Drone  
  142  8:19  Drone  
  144  8:20  Drone x4  
  147  8:27  Ravager  
  147  8:28  Ravager  
  147  8:29  Ravager  
  147  8:31  Zergling x6  
  153  8:38  Spore Crawler, Drone  
  153  8:39  Zergling x4, Drone  
  156  8:43  Muscular Augments  
  156  8:46  Zergling x4  
  158  8:50  Queen  
  158  8:54  Zergling x10  
  158  8:55  Zergling x8  
  169  9:10  Overlord  
  169  9:11  Overlord x3  
  169  9:13  Overlord x3  
  169  9:19  Overlord x2  
  169  9:21  Zergling x2  
  170  9:29  Zergling x2  
  170  9:30  Zergling x12  
  138  9:52  Hydralisk x4  
  124  9:53  Hydralisk x6  
  124  9:55  Spire  
  141  10:03  Hatchery, Drone x2  
  141  10:04  Drone  
  140  10:12  Overseer x2  
  134  10:16  Spore Crawler  
  127  10:25  Overseer x3  
  125  10:32  Overseer x2  
  125  10:33  Overseer  
  111  10:44  Zerg Ground Armor Level 2  
  111  10:48  Hydralisk x3  
  111  10:49  Hydralisk x8  
  125  10:50  Hydralisk x2  
  137  11:01  Drone x3  
  137  11:03  Extractor  
  139  11:04  Queen x3  
  139  11:07  Extractor  
  144  11:21  Corruptor x4  
  152  11:27  Overseer  
  152  11:28  Corruptor  
  154  11:38  Pneumatized Carapace  
  153  11:50  Corruptor x2  
  157  11:55  Drone  
  157  11:56  Drone x4  
  157  11:57  Zergling x2, Drone  
  157  11:58  Zergling x14  
  171  12:04  Zerg Flyer Weapons Level 1  
  171  12:19  Drone x4  
  171  12:21  Queen  
  177  12:28  Hydralisk x5  
  187  12:31  Hatchery  
  141  12:46  Corruptor x3  
  141  12:47  Corruptor  
  115  12:54  Corruptor x2  
  110  13:00  Corruptor  
  112  13:09  Corruptor x2  
  112  13:10  Corruptor  
  77  13:29  Corruptor x4  
  79  13:40  Spore Crawler  
  72  13:44  Drone x5  
  72  13:46  Drone x3  
  77  13:50  Zergling x4  
  79  13:58  Corruptor  
  79  14:01  Drone  
  79  14:02  Drone  
  83  14:10  Infestation Pit  
  83  14:12  Zerg Flyer Weapons Level 2  
  82  14:18  Queen  
  82  14:22  Drone  
  82  14:23  Drone x2  
  87  14:45  Drone x5  
  90  14:46  Drone x7  
  90  14:47  Drone x4  
  90  14:50  Extractor  
  102  14:54  Extractor  
  102  14:58  Hive  
  101  15:01  Queen  
  101  15:04  Queen  
  105  15:25  Corruptor x3  
  105  15:26  Corruptor x3  
  107  15:45  Corruptor x6  
  118  16:02  Drone x3  
  118  16:03  Drone x3  
  124  16:06  Spore Crawler  
  124  16:07  Drone  
  124  16:10  Hatchery  
  120  16:40  Greater Spire  
  120  16:44  Corruptor x3  
  120  16:45  Corruptor x6  
  138  16:53  Queen  
  140  17:17  Queen x3  
  146  17:29  Queen  
  144  17:34  Corruptor x6  
  136  17:53  Queen  
  135  18:06  Brood Lord  
  135  18:08  Brood Lord  
  135  18:10  Brood Lord  
  141  18:19  Brood Lord  
  145  18:20  Brood Lord x2  
  145  18:21  Corruptor x7  
  161  18:28  Spore Crawler, Overseer  
  161  18:31  Overlord  
  161  18:33  Spore Crawler  
  159  18:34  Overseer x2  
  159  18:35  Spore Crawler  
  159  18:38  Corruptor  
  160  18:50  Spore Crawler  
  159  19:04  Brood Lord x4  
  167  19:10  Mutalisk  
  167  19:12  Zergling x2  
  167  19:13  Zergling x10  
  167  19:14  Zergling x14  
Show
View Real Time Build Order
Export as new Build Order

SoTaN Terran 

Build Orders:  

Get SALT Encoding   

  12  0:02  SCV  
  13  0:15  Supply Depot  
  13  0:18  SCV  
  14  0:29  Refinery  
  14  0:31  SCV  
  15  0:45  Barracks  
  15  0:46  SCV  
  16  0:58  Refinery, SCV  
  17  1:11  SCV  
  18  1:23  SCV  
  19  1:34  Factory  
  19  1:35  SCV, Barracks Tech Lab  
  20  1:46  Supply Depot  
  20  1:47  SCV  
  21  1:59  SCV  
  22  2:24  Command Center  
  22  2:33  Siege Tank  
  25  2:40  SCV  
  26  2:55  Starport, SCV  
  27  3:08  SCV  
  27  3:12  Siege Tank  
  31  3:20  Supply Depot  
  31  3:35  Viking  
  31  3:36  SCV  
  34  3:45  Starport  
  34  3:55  SCV  
  35  4:04  Widow Mine  
  37  4:10  Starport Tech Lab  
  37  4:15  Fusion Core  
  37  4:19  Refinery  
  37  4:20  SCV x2  
  39  4:28  Starport Tech Lab  
  39  4:32  Widow Mine  
  39  4:35  SCV x2  
  43  4:44  Viking  
  45  4:52  Supply Depot, Starport, Orbital Command  
  45  4:54  SCV  
  46  5:05  Viking  
  48  5:11  Supply Depot  
  48  5:15  SCV  
  48  5:16  Starport  
  49  5:27  Refinery  
  49  5:28  Viking, SCV  
  50  5:35  Viking  
  54  5:40  Supply Depot  
  54  5:42  SCV  
  55  5:45  SCV  
  56  6:03  SCV x2  
  58  6:12  Starport Tech Lab x2  
  58  6:14  Battlecruiser  
  58  6:18  SCV x2  
  66  6:30  SCV  
  63  6:54  Cloaking Field  
  63  6:55  Hyperflight Rotors  
  69  7:44  Battlecruiser  
  69  7:45  Banshee x2  
  69  7:46  Banshee  
  78  7:54  Supply Depot  
  78  7:55  Supply Depot  
  78  7:57  Supply Depot  
  78  7:59  Orbital Command  
  78  8:00  Supply Depot  
  78  8:02  Command Center  
  78  8:03  Weapon Refit  
  78  8:04  Siege Tank  
  81  8:14  SCV  
  82  8:26  SCV  
  83  8:33  Banshee x3  
  92  8:45  SCV x2  
  94  8:55  Banshee  
  97  8:57  SCV  
  98  9:07  Command Center  
  98  9:32  Orbital Command  
  98  9:37  Battlecruiser x2, Refinery  
  98  10:01  Banshee  
  88  10:56  Banshee x4  
  100  11:02  Refinery  
  100  11:08  Engineering Bay  
  100  11:15  Starport  
  100  11:17  Starport  
  100  11:34  Refinery  
  100  11:42  Planetary Fortress  
  100  11:46  Banshee x4  
  111  12:04  SCV  
  111  12:05  SCV  
  113  12:09  Missile Turret  
  113  12:17  SCV x2  
  113  12:18  SCV  
  113  12:20  Siege Tank  
  119  12:29  Banshee, Viking x3, SCV x2  
  107  12:59  Banshee x3  
  116  13:11  Banshee  
  110  13:20  Command Center  
  92  13:42  Viking x3  
  95  13:53  Viking  
  95  13:54  Viking  
  93  14:12  Viking x4  
  101  14:17  SCV  
  101  14:23  Viking  
  104  14:45  Missile Turret, Viking  
  104  14:46  Viking x2  
  110  14:53  Orbital Command  
  110  15:09  Battlecruiser  
  110  15:10  Viking  
  110  15:12  SCV  
  110  15:13  SCV  
  120  15:26  Battlecruiser  
  109  16:11  Viking x4  
  114  16:33  Battlecruiser  
  120  17:08  Starport Tech Lab  
  120  17:16  Starport Tech Lab  
  120  17:19  Armory  
  120  17:20  Armory  
  120  17:22  Armory  
  116  17:36  Viking x3  
  116  17:37  Viking  
  71  18:23  Viking x4  
  83  18:32  Thor  
  76  19:03  Missile Turret  
  76  19:04  Missile Turret  
  76  19:05  Viking x5  
  86  19:11  SCV x3  
  89  19:28  SCV x2  
Tags
 
Add a new tag
Caveats
  • Supply blocks, unpowered buildings, or Contaminate may cause inaccurate times.
  • Supply counts are checked every 10 seconds.